 Dungeon Crawl Stone Soup version 0.31.0-12-g77e489cdc1 (webtiles) character file.

Game seed: 10004610308053252277

179 GeoRichter the Vexing (level 5, 0/40 HPs)
             Began as a Draconian Hexslinger on Feb 20, 2024.
             Slain by Pikel
             ... wielding a +2 whip of flaming
              (3 damage)
             ... on level 4 of the Dungeon.
             The game lasted 00:07:02 (2798 turns).

GeoRichter the Vexing (Draconian Hexslinger)        Turns: 2798, Time: 00:07:03

Health: 0/40       AC:  5    Str: 10    XL:     5   Next: 33%
Magic:  5/6        EV: 12    Int: 16    God:
Gold:   91         SH:  0    Dex: 13    Spells: 4/6 levels left

rFire   . . .        a - +1 sling
rCold   . . .        (no shield)
rNeg    . . .        (body armour unavailable)
rPois   .            (helmet restricted)
rElec   .            (no cloak)
rCorr   .            (no gloves)
SInv    .            (no boots)
Will    .....        (no amulet)
Stlth   +            (no ring)
HPRegen 0.26/turn    (no ring)
MPRegen 0.10/turn

%: no passive effects
@: weak-willed
A: AC +5, unfitting armour, cold-blooded
a: no special abilities


You were on level 4 of the Dungeon.
You visited 1 branch of the dungeon, and saw 4 of its levels.

You collected 113 gold pieces.
You spent 22 gold pieces at shops.

Inventory:

Hand Weapons
 a - a +1 sling (weapon)
Wands
 g - a wand of digging (2)
   (You found it on level 2 of the Dungeon)
Scrolls
 b - a scroll of poison {!r}
 c - 2 scrolls of vulnerability {!r}
 d - 2 scrolls of teleportation {unknown}
 h - a scroll of butterflies {unknown}
 i - a scroll of identify {@r1}
 k - a scroll of enchant armour {unknown}
 l - 2 scrolls of fog {unknown}
 n - a scroll of immolation {unknown}
Potions
 e - a potion of brilliance {unknown}
 f - a potion of lignification {!q}
 j - 2 potions of curing {unknown}
 m - a potion of attraction {unknown}


   Skills:
 - Level 1.1 Fighting
 * Level 3.1 Ranged Weapons
 - Level 1.7 Dodging
 - Level 1.0 Spellcasting
 + Level 4.8 Hexes
 - Level 1.0 Fire Magic


You had 4 spell levels left.
You knew the following spells:

 Your Spells              Type           Power      Damage    Failure   Level
a - Jinxbite              Hex            32%        N/A       4%          2

Your spell library contained the following spells:

 Spells                   Type           Power      Damage    Failure   Level
 Sigil of Binding         Hex            16%        N/A       10%         3
 Ensorcelled Hibernation  Hex/Ice        16%        N/A       13%         2
 Inner Flame              Hex/Fire       10%        N/A       21%         3
 Cause Fear               Hex            8%         N/A       30%         4
 Passwall                 Erth           0%         N/A       56%         3
 Swiftness                Air            0%         N/A       56%         3
 Dimensional Bullseye     Hex/Tloc       4%         N/A       63%         4


Dungeon Overview and Level Annotations

Branches:
Dungeon (4/15) Zot: 21122
 Temple: D:4-7

Altars:
Trog
Vehumet
Xom

Shops:
D:2 ?

Annotations:
D:4 Pikel


Innate Abilities, Weirdness & Mutations

Your plain brown scales are hard. (AC +5)
You cannot fit into any form of body armour.
You are cold-blooded and may be slowed by cold attacks.


Message History

The lemure seems less drained.
Pikel waves his whip at you.
Pikel hits you with a +2 whip of flaming.
* * * LOW HITPOINT WARNING * * *
Pikel burns you.
* * * LOW HITPOINT WARNING * * *
Fire: a) +1 sling
Press: ? - help, Q - select action, (/) - cycle Shift-Dir - straight line, f/p - Pikel
Aim: Pikel, wielding a +2 whip of flaming, wearing a +1 robe and carrying a wand of iceblast (severely wounded, heavily drained, 47% to hit)
You shoot a sling bullet. The sling bullet misses Pikel.
The sling bullet hits the lemure.
The lemure is severely wounded.
Pikel hits you but does no damage. Pikel misses you.
Fire: a) +1 sling
Press: ? - help, Q - select action, (/) - cycle Shift-Dir - straight line, f/p - Pikel
Aim: Pikel, wielding a +2 whip of flaming, wearing a +1 robe and carrying a wand of iceblast (severely wounded, heavily drained, 47% to hit)
You shoot a sling bullet.
The sling bullet hits Pikel but does no damage.
Pikel is severely wounded.
Pikel hits you but does no damage.
Unknown command.
Fire: a) +1 sling
Press: ? - help, Q - select action, (/) - cycle Shift-Dir - straight line, f/p - Pikel
Aim: Pikel, wielding a +2 whip of flaming, wearing a +1 robe and carrying a wand of iceblast (severely wounded, heavily drained, 47% to hit)
You shoot a sling bullet. The sling bullet closely misses Pikel.
The sling bullet barely misses the lemure.
Pikel seems less drained.
Pikel says, "I touched Geryon's horn once."
Pikel barely misses you.
Fire: a) +1 sling
Press: ? - help, Q - select action, (/) - cycle Shift-Dir - straight line, f/p - Pikel
Aim: Pikel, wielding a +2 whip of flaming, wearing a +1 robe and carrying a wand of iceblast (severely wounded, 47% to hit)
You shoot a sling bullet. The sling bullet closely misses Pikel.
The sling bullet barely misses the lemure.
Pikel hits you with a +2 whip of flaming.
* * * LOW HITPOINT WARNING * * *
Pikel burns you.
* * * LOW HITPOINT WARNING * * *
Unknown command.
Fire: a) +1 sling
Press: ? - help, Q - select action, (/) - cycle Shift-Dir - straight line, f/p - Pikel
Aim: Pikel, wielding a +2 whip of flaming, wearing a +1 robe and carrying a wand of iceblast (severely wounded, 47% to hit)
You shoot a sling bullet. The sling bullet closely misses Pikel.
The sling bullet hits the lemure but does no damage.
The lemure is severely wounded.
Pikel hits you with a +2 whip of flaming.
* * * LOW HITPOINT WARNING * * *
Pikel burns you.
You die...
Pikel says, "See you in Hell!"

#....#
######.#
#....#
#......#
#....#####
#.######
#........#
#.######
##.......#
#.#.....
#.......#
#.#.....
#.......#
#.'.....
#.......#
###.....
#@......#
#.....
#K#######
####'#
#5#####
#.#
#.....##
#.#
##.....##
#.#
##.....#
#>#
#...#..#
#.# #..<#
.### #.#
#...#
...## #..


You could see Pikel and a lemure.

Vanquished Creatures
  2 lemures (D:4)
  A hound (D:4)
  A sleepcap (D:4)
  4 adders
  2 dart slugs
  A ribbon worm (D:2)
  3 orcs (D:3)
  6 ball pythons
  A bat (D:2)
  8 endoplasms
  5 giant cockroaches
  9 hobgoblins
  10 jackals
  6 kobolds
  2 quokkas (D:1)
  A frilled lizard (D:1)
  7 goblins
  3 rats
72 creatures vanquished.

Notes
Turn   | Place    | Note
-------+----------+-------------------------------------------
     0 | D:1      | GeoRichter the Draconian Hexslinger began the quest for the
                  | Orb.
     0 | D:1      | Reached XP level 1. HP: 16/16 MP: 2/2
    98 | D:1      | Reached XP level 2. HP: 23/23 MP: 3/3
   347 | D:1      | Reached skill level 3 in Hexes
   488 | D:1      | Reached XP level 3. HP: 18/28 MP: 4/4
   681 | D:1      | Learned a level 2 spell: Jinxbite
  1131 | D:2      | Reached XP level 4. HP: 35/35 MP: 5/5
  1131 | D:2      | Found Beeqiwk's Magic Scroll Shoppe.
  1139 | D:2      | Bought a scroll of identify for 22 gold pieces
  1420 | D:2      | Reached skill level 4 in Hexes
  1715 | D:3      | Found a radiant altar of Vehumet.
  1932 | D:3      | Found a shimmering altar of Xom.
  1995 | D:3      | Found a bloodstained altar of Trog.
  2349 | D:3      | Found a faded altar of an unknown god.
  2508 | D:4      | Reached XP level 5. HP: 40/40 MP: 3/6
  2548 | D:4      | Noticed a lemure
  2548 | D:4      | Noticed a lemure
  2580 | D:4      | Killed a lemure
  2588 | D:4      | Killed a lemure
  2766 | D:4      | Noticed Pikel
  2774 | D:4      | Noticed a lemure
  2798 | D:4      | Slain by Pikel

Illustrated notes

Levels and vault maps discovered:
D:1:      amcnicky_arrival_abandoned_market, layout_loops_ring
D:2:      layout_rooms, serial_shops, shop
D:3:      layout_basic, overflow_temple_1_default, xom_butterflies,
          mainiacjoe_overflow_alcove_2, hellmonk_ecumenical_altar_defaced_shrine
D:4:      layout_basic, gammafunk_temple_overflow_pools,
          nicolae_uskayaw_murder_on_the_dancefloor, dreamdust_princess_bridge,
          uniq_pikel

Skill      XL: |  1  2  3  4  5 |
---------------+----------------+-----
Ranged Weapons | 2 3 |  3.1
Hexes          | 3 4 |  4.8
Fighting       | |  1.1
Dodging        | |  1.7
Spellcasting   | |  1.0
Fire Magic     | |  1.0

Action                     |  1- 3 |  4- 6 || total
---------------------------+-------+-------++-------
   Fire: Sling             |   168 |   137 ||   305
   Cast: Jinxbite          |       |    22 ||    22
    Use: Scroll            |       |     3 ||     3
 Armour: Skin              |    68 |    48 ||   116
  Dodge: Dodged            |    84 |    48 ||   132
